Map: Orbital Shipyard

Players

MisBi - Winner!

  • Race: Zerg Zerg
  • League: Silver

Hanuman

  • Race: Zerg Zerg

VOD

Have the link to the VOD?

Description

Time

  • Played on: Feb. 4, 2016, 2:03 p.m.
  • Length: 6:39
Show
View Real Time Build Order
Export as new Build Order

MisBi Zerg - Winner!

Build Orders: Pool First 

Get SALT Encoding   

  12  0:01  Drone  
  13  0:08  Drone  
  14  0:17  Overlord  
  14  0:35  Spawning Pool  
  14  0:37  Drone  
  14  0:41  Drone  
  15  0:50  Drone  
  15  0:52  Drone  
  17  0:57  Extractor  
  17  0:59  Drone  
  17  1:19  Hatchery  
  16  1:27  Queen  
  18  1:34  Drone  
  18  1:39  Overlord  
  19  1:49  Drone  
  20  1:56  Drone  
  21  2:02  Metabolic Boost  
  20  2:19  Queen  
  22  2:25  Spine Crawler  
  22  2:27  Zergling x4  
  23  2:38  Zergling x6  
  26  2:45  Drone  
  25  3:17  Zergling x12  
  31  3:25  Drone x3  
  34  3:35  Drone x2  
  36  3:53  Overlord  
  36  4:10  Queen  
  36  4:25  Zergling x14  
  40  4:34  Roach Warren  
  40  4:37  Zergling x8  
  38  4:55  Zergling x2  
  38  4:56  Zergling x4  
  40  5:02  Drone x2  
  40  5:03  Drone  
  40  5:04  Overlord  
  43  5:15  Overlord  
  43  5:16  Overlord  
  43  5:34  Queen x2  
  47  5:47  Zergling x8  
  47  5:48  Zergling x10  
  52  5:53  Spine Crawler  
  51  5:58  Spine Crawler  
Show
View Real Time Build Order
Export as new Build Order

Hanuman Zerg 

Build Orders: Pool First 

Get SALT Encoding   

  12  0:01  Drone  
  13  0:10  Extractor  
  13  0:11  Drone  
  13  0:16  Drone  
  14  0:34  Spawning Pool  
  13  0:38  Drone  
  14  0:47  Drone, Extractor  
  15  0:53  Overlord  
  15  1:20  Queen  
  15  1:22  Zergling x2  
  15  1:23  Zergling x4  
  20  1:34  Zergling x2  
  21  1:42  Metabolic Boost  
  21  1:45  Zergling x2  
  22  2:07  Hatchery  
  20  2:24  Overlord  
  20  2:28  Zergling x4  
  22  2:43  Zergling x6  
  25  2:57  Zergling x2  
  25  3:06  Zergling x2  
  22  3:15  Zergling x2  
  23  3:22  Roach Warren  
  23  3:24  Drone x2, Extractor  
  23  3:30  Queen  
  23  3:33  Drone  
  26  3:42  Drone x2  
  28  3:50  Drone  
  28  3:52  Drone x2  
  31  4:06  Zergling x8  
  31  4:22  Zergling x8  
  30  4:28  Zergling x2  
  30  4:29  Zergling x2  
  25  4:38  Zergling x4  
  26  4:49  Zergling x8  
  30  4:57  Queen  
  30  4:59  Drone x2  
  34  5:10  Overlord  
  34  5:11  Overlord  
  34  5:25  Overlord  
  34  5:32  Roach x3  
  20  6:10  Zergling x2  
  20  6:11  Zergling x6  
  23  6:12  Zergling x2  
Tags
 
Add a new tag
Caveats
  • Supply blocks, unpowered buildings, or Contaminate may cause inaccurate times.
  • Supply counts are checked every 10 seconds.